[Event "November 21 Early 2023"]
[Site "https://www.chess.com"]
[Date "2023.11.21"]
[Round "3"]
[White "Hartikainen, Jarmo"]
[Black "Buchenau, Frank"]
[Result "1-0"]
[Board "220"]
[TimeControl "180+1"]
[WhiteFideId "503134"]
[BlackFideId "4604350"]
[WhiteElo "2146"]
[BlackElo "2157"]
[WhiteTeam "FIN"]
[BlackTeam "GER"]
[WhiteClock "0:00:17"]
[BlackClock "0:00:11"]

1. e4 e6 2. d4 d5 3. Nd2 c5 4. Ngf3 cxd4 5. exd5 Qxd5 6. Bc4 Qd6 7. O-O Nf6 8. Nb3 Nc6 9. Nbxd4 Nxd4 10. Qxd4 Qxd4 11. Nxd4 Bd7 12. Bb5 O-O-O 13. Bxd7+ Rxd7 14. Nb3 Be7 15. c4 Rhd8 16. Be3 a6 17. h3 Kc7 18. Rfe1 Rd3 19. Re2 Rd1+ 20. Re1 Rxa1 21. Rxa1 Ne4 22. Re1 Bb4 23. Bf4+ Nd6 24. Rd1 Kc6 25. a3 Bc5 26. Nxc5 Kxc5 27. b4+ Kxc4 28. Rxd6 Rxd6 29. Bxd6 Kb3 30. Kf1 Kxa3 31. Ke2 Ka4 32. Kd3 a5 33. bxa5 Kxa5 34. Kc4 Kb6 35. Bf8 g6 36. f4 Kc6 37. g4 b5+ 38. Kb4 Kd5 39. Kxb5 Ke4 40. Bd6 Kf3 41. g5 Kg3 42. Kc6 Kxh3 43. Kd7 Kg4 44. Ke7 Kh5 45. Kxf7 h6 46. Be7 hxg5 47. fxg5 e5 48. Kf6 e4 49. Bc5 Kg4 50. Kxg6 1-0

[Event "November 21 Early 2023"]
[Site "https://www.chess.com"]
[Date "2023.11.21"]
[Round "3"]
[White "Semenova, Alina"]
[Black "Golubenko, Valentina"]
[Result "1-0"]
[Board "221"]
[TimeControl "180+1"]
[WhiteFideId "24113875"]
[BlackFideId "4501993"]
[WhiteElo "1827"]
[BlackElo "2126"]
[WhiteTeam "RUS"]
[BlackTeam "CRO"]
[WhiteClock "0:01:43"]
[BlackClock "0:00:13"]

1. e4 e6 2. d4 c5 3. d5 exd5 4. exd5 d6 5. Nf3 Nf6 6. c4 Be7 7. Be2 O-O 8. O-O Re8 9. Nc3 a6 10. a4 Bf8 11. Bg5 Nbd7 12. Re1 Qc7 13. Bd3 h6 14. Bh4 Rxe1+ 15. Qxe1 b6 16. Ne4 Ng4 17. Bg3 Bb7 18. h3 Ngf6 19. Qc3 Re8 20. Nxf6+ Nxf6 21. Re1 Rxe1+ 22. Qxe1 b5 23. axb5 axb5 24. b3 bxc4 25. bxc4 Ba6 26. Bh4 Nxd5 27. Qe4 g6 28. Qxd5 Bb7 29. Bd8 Qd7 30. Ne5 Qc8 31. Qxf7+ 1-0

[Event "November 21 Early 2023"]
[Site "https://www.chess.com"]
[Date "2023.11.21"]
[Round "3"]
[White "Willy, Stephen"]
[Black "Levine, David"]
[Result "1-0"]
[Board "222"]
[TimeControl "180+1"]
[WhiteFideId "30981468"]
[BlackFideId "2011611"]
[WhiteElo "2139"]
[BlackElo "2143"]
[WhiteTeam "USA"]
[BlackTeam "USA"]
[WhiteClock "0:02:19"]
[BlackClock "0:01:46"]

1. e4 e5 2. Nf3 Nc6 3. c3 Nf6 4. d4 exd4 5. e5 Nd5 6. cxd4 Bb4+ 7. Bd2 Bxd2+ 8. Nbxd2 O-O 9. Bd3 d6 10. O-O dxe5 11. dxe5 Nf4 12. Be4 Be6 13. Qa4 Ne2+ 14. Kh1 Ned4 15. Rad1 Bd5 16. Nxd4 Nxd4 17. Qxd4 1-0

[Event "November 21 Early 2023"]
[Site "https://www.chess.com"]
[Date "2023.11.21"]
[Round "3"]
[White "Novikova, Anna"]
[Black "Herman, Daniel"]
[Result "0-1"]
[Board "223"]
[TimeControl "180+1"]
[WhiteFideId "4146794"]
[BlackFideId "30935008"]
[WhiteElo "2110"]
[BlackElo "1897"]
[WhiteTeam "MNE"]
[BlackTeam "USA"]
[WhiteClock "0:00:00"]
[BlackClock "0:01:03"]

1. e4 g6 2. d4 Bg7 3. Nc3 d6 4. Be3 a6 5. Qd2 b5 6. f3 Bb7 7. h4 h5 8. Be2 Nf6 9. Nh3 b4 10. Nd1 Nbd7 11. Qxb4 Rb8 12. Qd2 c5 13. d5 Ne5 14. Nc3 Bc8 15. b3 e6 16. O-O exd5 17. Nxd5 Nxd5 18. Qxd5 Bxh3 19. Bg5 Be6 20. Qd2 f6 21. Be3 O-O 22. Rad1 Nf7 0-1

[Event "November 21 Early 2023"]
[Site "https://www.chess.com"]
[Date "2023.11.21"]
[Round "3"]
[White "Ghosh, Chanchal Kumer"]
[Black "Spichkin, Alexander"]
[Result "0-1"]
[Board "224"]
[TimeControl "180+1"]
[WhiteFideId "10201858"]
[BlackFideId "4144074"]
[WhiteElo "2067"]
[BlackElo "1968"]
[WhiteTeam "BAN"]
[BlackTeam "RUS"]
[WhiteClock "0:00:00"]
[BlackClock "0:00:37"]

1. e4 e5 2. Nf3 d5 3. Nxe5 Bd6 4. Nxf7 Kxf7 5. Qh5+ g6 6. Qxd5+ Be6 7. Qxb7 Nd7 8. d4 Rb8 9. Qa6 Qh4 10. Bd3 Rb6 11. Qxa7 Ngf6 12. g3 Qh5 13. Nd2 Bh3 14. e5 Re8 15. Nc4 Bxe5 16. dxe5 Nxe5 17. Nxe5+ Qxe5+ 18. Be3 Bg2 19. Rg1 Bf3 20. Qa4 Nd5 21. Bc4 Qxb2 22. Bxd5+ Bxd5 23. Rd1 Qc3+ 24. Ke2 Bc4+ 25. Kf3 Rf6+ 26. Kg2 Rxe3 0-1

[Event "November 21 Early 2023"]
[Site "https://www.chess.com"]
[Date "2023.11.21"]
[Round "3"]
[White "Elbebiber"]
[Black "Su, Dion"]
[Result "0-1"]
[Board "225"]
[TimeControl "180+1"]
[BlackFideId "2029731"]
[WhiteElo "2134"]
[BlackElo "2394"]
[BlackTeam "USA"]
[WhiteClock "0:00:00"]
[BlackClock "0:00:46"]

1. d4 Nf6 2. Bg5 d5 3. Bxf6 gxf6 4. e3 c6 5. Nf3 Qb6 6. Nbd2 Rg8 7. g3 Qxb2 8. Bd3 Bh3 9. Rb1 Qc3 10. Rxb7 Nd7 11. Rb3 Qa5 12. Qb1 Bg2 13. Ke2 Bxh1 14. Qxh1 e6 15. Qb1 Bd6 16. Bxh7 Rh8 17. Bd3 Ke7 18. h4 Rab8 19. c4 Rxb3 20. axb3 Qb4 21. c5 Bc7 22. Qc2 a5 23. e4 e5 24. exd5 cxd5 25. Bf5 e4 26. Ne1 Qxd4 27. c6 Nc5 28. Nf1 Rb8 29. Ne3 Rxb3 30. Kf1 Rxe3 31. fxe3 Qxe3 32. Ng2 Qf3+ 33. Kg1 Qxf5 34. Qxc5+ Ke8 35. Ne3 Qe5 36. Nxd5 Qxg3+ 37. Kf1 Qf3+ 38. Ke1 Bg3+ 39. Kd2 Qd3+ 40. Kc1 Qf1+ 41. Kb2 Qf2+ 42. Kb3 Qxc5 0-1

[Event "November 21 Early 2023"]
[Site "https://www.chess.com"]
[Date "2023.11.21"]
[Round "3"]
[White "Kukreja Sankalp"]
[Black "DonCiao"]
[Result "1-0"]
[Board "226"]
[TimeControl "180+1"]
[WhiteFideId "45027676"]
[WhiteElo "2126"]
[BlackElo "2125"]
[WhiteTeam "IND"]
[WhiteClock "0:01:48"]
[BlackClock "0:00:00"]

1. e4 c5 2. Nf3 Nc6 3. d4 cxd4 4. Nxd4 Nf6 5. Nc3 e5 6. Ndb5 d6 7. Bg5 a6 8. Na3 b5 9. Bxf6 gxf6 10. Nd5 f5 11. Bd3 Be6 12. O-O Bxd5 13. exd5 Ne7 14. c4 e4 15. Be2 Bg7 16. Rb1 O-O 17. cxb5 axb5 18. Nxb5 Rxa2 19. Qb3 Ra5 20. Qb4 Nxd5 21. Qxd6 Qxd6 22. Nxd6 Nf4 23. Bc4 Be5 24. Nxf5 Nd3 25. Bxd3 exd3 26. Rfd1 Rd8 27. Ne7+ Kf8 28. Nc6 Rad5 29. Nxd8 Rxd8 30. b4 Bc3 31. b5 d2 32. b6 Rb8 33. Rb3 Ba5 34. Ra3 Bxb6 35. Rxd2 Bc5 36. Ra1 Kg7 37. g3 Kg6 38. Kg2 f6 39. Rc2 Bd4 40. Ra4 Be5 41. f4 Bb2 42. Rc5 h5 43. Kf3 Rb3+ 44. Ke4 Rb6 45. Raa5 h4 46. gxh4 Rb4+ 47. Kf3 Bd4 48. Rd5 Bg1 49. Kg4 Bxh2 50. h5+ Kh6 51. Rf5 Kg7 52. Ra7+ Kf8 53. Rxf6+ Ke8 54. h6 Rb1 55. h7 Rg1+ 56. Kf5 1-0

[Event "November 21 Early 2023"]
[Site "https://www.chess.com"]
[Date "2023.11.21"]
[Round "3"]
[White "Fernandez Hernandez, Gerardo"]
[Black "Sliwicki, Damian"]
[Result "0-1"]
[Board "227"]
[TimeControl "180+1"]
[WhiteFideId "2207400"]
[BlackFideId "1127128"]
[WhiteElo "2122"]
[BlackElo "1992"]
[WhiteTeam "ESP"]
[BlackTeam "POL"]
[WhiteClock "0:00:46"]
[BlackClock "0:00:17"]

1. e4 c5 2. d3 g6 3. g3 Bg7 4. Bg2 h5 5. h3 e5 6. Nc3 Nc6 7. f4 exf4 8. Bxf4 Nge7 9. Nf3 d5 10. O-O d4 11. Nd5 Nxd5 12. exd5 Qxd5 13. Ne5 Qd8 14. Nxc6 bxc6 15. Bxc6+ Bd7 16. Qe2+ Kf8 17. Bxa8 Qxa8 18. Kh2 Be6 19. Rae1 Kg8 20. Be5 Qc8 21. Bxg7 Kxg7 22. Qf2 Re8 23. h4 Qd7 24. Qe3 dxe3 0-1

[Event "November 21 Early 2023"]
[Site "https://www.chess.com"]
[Date "2023.11.21"]
[Round "3"]
[White "udithj22"]
[Black "Ljukin, Sergei"]
[Result "0-1"]
[Board "228"]
[TimeControl "180+1"]
[BlackFideId "14102200"]
[WhiteElo "2111"]
[BlackElo "2312"]
[BlackTeam "UKR"]
[WhiteClock "0:00:02"]
[BlackClock "0:02:10"]

1. d4 d5 2. c4 c6 3. Nf3 Nf6 4. g3 Bf5 5. Bg2 e6 6. O-O Bd6 7. Nc3 O-O 8. Nh4 Bg4 9. f3 Bh5 10. g4 Nxg4 11. fxg4 Qxh4 12. h3 Bg6 13. Bf4 Bxf4 14. Rxf4 Nd7 15. e4 dxe4 16. Nxe4 Bxe4 17. Rxe4 Nf6 18. Re3 Rad8 19. Qd3 Qg5 20. Rd1 Rd7 21. Qe2 Rfd8 22. Red3 h6 23. Qf2 h5 24. gxh5 Nxh5 25. a3 Nf4 26. Rg3 Qxg3 27. Qxg3 Ne2+ 28. Kh2 Nxg3 29. Kxg3 Rxd4 30. Rxd4 Rxd4 31. Kf2 Rxc4 32. Bf3 Rc2+ 33. Kg3 Rxb2 34. h4 Rb3 35. h5 Rxa3 36. h6 gxh6 37. Kg4 Kg7 0-1

[Event "November 21 Early 2023"]
[Site "https://www.chess.com"]
[Date "2023.11.21"]
[Round "3"]
[White "Dwilewicz, Katarzyna"]
[Black "Feliz Dotel, Dewar Bienvenido"]
[Result "0-1"]
[Board "229"]
[TimeControl "180+1"]
[WhiteFideId "1148486"]
[BlackFideId "6402801"]
[WhiteElo "2098"]
[BlackElo "2069"]
[WhiteTeam "POL"]
[BlackTeam "DOM"]
[WhiteClock "0:00:02"]
[BlackClock "0:00:56"]

1. e4 e5 2. Nf3 Nc6 3. Bc4 Nf6 4. d3 Be7 5. O-O O-O 6. a4 d6 7. Re1 Na5 8. Ba2 c5 9. c3 Nc6 10. Nbd2 a6 11. h3 Be6 12. Nf1 Qd7 13. Ng3 b5 14. Bg5 h6 15. Bxf6 Bxf6 16. Bd5 Bxd5 17. exd5 Ne7 18. c4 bxc4 19. dxc4 Rab8 20. Re2 g6 21. Ne4 Bg7 22. Ra3 Nf5 23. g4 Nd4 24. Nxd4 exd4 25. Ng3 Rb4 26. Qe1 Be5 27. b3 Qb7 28. Qd1 Rb8 29. Qd2 Rxb3 30. Rxb3 Qxb3 31. Kg2 d3 32. Re4 Kg7 33. f4 Qc2 34. Nf1 Bc3 35. Qxc2 dxc2 0-1

[Event "November 21 Early 2023"]
[Site "https://www.chess.com"]
[Date "2023.11.21"]
[Round "3"]
[White "Sharafiev, Azat"]
[Black "Osiecki, Stanislaw"]
[Result "1/2-1/2"]
[Board "230"]
[TimeControl "180+1"]
[WhiteFideId "4186214"]
[BlackFideId "1102990"]
[WhiteElo "2306"]
[BlackElo "2048"]
[WhiteTeam "RUS"]
[BlackTeam "POL"]
[WhiteClock "0:00:08"]
[BlackClock "0:00:02"]

1. e4 e6 2. d4 d5 3. Nc3 Bb4 4. e5 c5 5. a3 Bxc3+ 6. bxc3 Qc7 7. Nf3 Ne7 8. Bb5+ Bd7 9. Bxd7+ Nxd7 10. O-O cxd4 11. cxd4 Rc8 12. Bd2 Qxc2 13. Bb4 Qxd1 14. Rfxd1 Rc4 15. Rd3 f6 16. exf6 gxf6 17. Re1 Kf7 18. Rde3 Nf8 19. h4 Nf5 20. R3e2 Nxd4 21. Nxd4 Rxd4 22. Bxf8 Rxf8 23. Rxe6 Kg7 24. g3 Rf7 25. R1e3 Rd1+ 26. Kg2 d4 27. R3e4 f5 28. Rf4 d3 29. Rd6 d2 30. Rfd4 Ra1 31. Rxd2 Rxa3 32. Rb2 Rc3 33. Rd5 Rc6 34. Kf3 b6 35. Rb3 Kf6 36. Kf4 Rc4+ 37. Kf3 Ke6 38. Rd8 Rfc7 39. Re3+ Kf7 40. Ra8 Rc3 41. Rxc3 Rxc3+ 42. Kf4 Ra3 43. Kxf5 b5 44. Ke4 b4 45. Kd4 a5 46. Kc4 b3 47. Kc3 a4 48. Rb8 Ra2 49. Rb4 h5 50. f4 Rc2+ 51. Kd3 Rg2 52. Rxa4 Rxg3+ 53. Kd2 b2 54. Kc2 Rg2+ 55. Kb1 Kf6 56. Ra5 Rg4 57. Rxh5 Rxf4 58. Kxb2 Rf5 59. Rxf5+ Kxf5 60. h5 Kg5 61. h6 Kxh6 1/2-1/2

[Event "November 21 Early 2023"]
[Site "https://www.chess.com"]
[Date "2023.11.21"]
[Round "3"]
[White "Lakshmi C"]
[Black "Dishman, Stephen"]
[Result "0-1"]
[Board "231"]
[TimeControl "180+1"]
[WhiteFideId "25035347"]
[BlackFideId "403024"]
[WhiteElo "1942"]
[BlackElo "2204"]
[WhiteTeam "IND"]
[BlackTeam "ENG"]
[WhiteClock "0:00:00"]
[BlackClock "0:01:54"]

1. e4 c6 2. Nc3 d5 3. Nf3 Bg4 4. h3 Bxf3 5. Qxf3 e6 6. d4 Nf6 7. exd5 cxd5 8. Bd3 Nc6 9. Ne2 Bd6 10. c3 O-O 11. Bg5 Be7 12. g4 Rb8 13. Bf4 Bd6 14. Bd2 b5 15. g5 Nd7 16. Qh5 g6 17. Qg4 e5 18. f3 b4 19. h4 bxc3 20. bxc3 Qe7 21. h5 exd4 22. cxd4 Bb4 23. Rd1 Bxd2+ 24. Rxd2 Rb4 25. O-O Qe3+ 0-1

[Event "November 21 Early 2023"]
[Site "https://www.chess.com"]
[Date "2023.11.21"]
[Round "3"]
[White "Kotepalli, Sai Nirupama"]
[Black "Nikulina, Alena"]
[Result "1-0"]
[Board "232"]
[TimeControl "180+1"]
[WhiteFideId "5039444"]
[BlackFideId "4172051"]
[WhiteElo "2376"]
[BlackElo "1627"]
[WhiteTeam "IND"]
[BlackTeam "RUS"]
[WhiteClock "0:01:37"]
[BlackClock "0:00:00"]

1. e4 c5 2. Nf3 e6 3. d3 Nc6 4. g3 g6 5. Bg2 Bg7 6. O-O Nge7 7. c3 O-O 8. Qe2 d5 9. e5 f6 10. exf6 Bxf6 11. Bh6 Bg7 12. Bxg7 Kxg7 13. Bh3 Nf5 14. Re1 Qf6 15. Nbd2 Bd7 16. Bg2 Rae8 17. Nb3 b6 18. a4 e5 19. a5 e4 20. dxe4 dxe4 21. Nfd2 e3 22. Ne4 exf2+ 23. Qxf2 Qe6 24. Nexc5 Qc4 25. Nxd7 Rd8 26. Nxf8 Rxf8 27. Nd2 Qb5 28. axb6 axb6 29. Bxc6 Qxc6 30. Ra7+ Kg8 31. g4 Nh6 32. Qd4 1-0

[Event "November 21 Early 2023"]
[Site "https://www.chess.com"]
[Date "2023.11.21"]
[Round "3"]
[White "vinclat"]
[Black "Subramanian, Anusha"]
[Result "1-0"]
[Board "234"]
[TimeControl "180+1"]
[BlackFideId "477710"]
[WhiteElo "2372"]
[BlackElo "1774"]
[BlackTeam "ENG"]
[WhiteClock "0:00:27"]
[BlackClock "0:01:30"]

1. e4 c6 2. d4 d5 3. f3 dxe4 4. fxe4 e5 5. Nf3 Bg4 6. Bc4 b5 7. Bxf7+ Kxf7 8. Nxe5+ Ke8 9. Qxg4 Qxd4 10. Qe6+ Be7 11. Nf7 g6 12. Nxh8 Qxh8 13. O-O Qd4+ 14. Kh1 Nf6 15. Bg5 Nbd7 16. Nc3 b4 17. Rad1 Qe5 18. Qxc6 Rd8 19. Bxf6 Bxf6 20. Nd5 Bg7 21. Nc7+ Ke7 22. Nd5+ Ke8 23. Nxb4 a5 24. Nd5 g5 25. a4 g4 26. b4 axb4 27. a5 g3 28. h3 Ra8 29. Nc7+ Ke7 30. Qxd7# 1-0

[Event "November 21 Early 2023"]
[Site "https://www.chess.com"]
[Date "2023.11.21"]
[Round "3"]
[White "AKINSEYE, Akinleye"]
[Black "Garrido, Denis"]
[Result "0-1"]
[Board "235"]
[TimeControl "180+1"]
[WhiteFideId "8504458"]
[BlackFideId "601217"]
[WhiteElo "1906"]
[BlackElo "2370"]
[WhiteTeam "NGR"]
[BlackTeam "FRA"]
[WhiteClock "0:01:50"]
[BlackClock "0:02:18"]

1. e4 e6 2. d4 d5 3. exd5 exd5 4. Bd3 c5 5. Nf3 c4 6. Be2 Nf6 7. c3 Bd6 8. O-O O-O 9. h3 h6 10. Be3 Bf5 11. Re1 Re8 12. Nbd2 Nc6 13. Nf1 Ne4 14. N1d2 Qf6 15. Rc1 Re6 16. Kh1 Ng3+ 17. fxg3 Rxe3 18. Bf1 Rae8 19. Rxe3 Rxe3 20. g4 Be4 21. Be2 Qf4 22. Nf1 Bxf3 23. Bxf3 Rd3 24. Qe1 Ne7 25. Be2 Re3 26. Qd1 Rxe2 27. Qxe2 Qxc1 0-1

[Event "November 21 Early 2023"]
[Site "https://www.chess.com"]
[Date "2023.11.21"]
[Round "3"]
[White "Mirza, Diana"]
[Black "Ovezdurdyyeva, Jemal"]
[Result "0-1"]
[Board "236"]
[TimeControl "180+1"]
[WhiteFideId "2503999"]
[BlackFideId "14001888"]
[WhiteElo "1813"]
[BlackElo "2086"]
[WhiteTeam "IRL"]
[BlackTeam "TKM"]
[WhiteClock "0:00:01"]
[BlackClock "0:00:17"]

1. e4 d6 2. d4 Nf6 3. Nc3 g6 4. f4 c6 5. Nf3 Bg7 6. Be2 b5 7. e5 dxe5 8. fxe5 Nd5 9. Ne4 O-O 10. O-O f6 11. a4 b4 12. c4 bxc3 13. bxc3 f5 14. Nc5 Nxc3 15. Bc4+ Nd5 16. Ng5 Qb6 17. a5 Qb4 18. Qe2 h6 19. Nge6 Bxe6 20. Nxe6 Rc8 21. Nxg7 Kxg7 22. Ba3 Qb7 23. Rab1 Qc7 24. Qd2 e6 25. Bd6 Qd7 26. Rf3 Qf7 27. Rh3 Rh8 28. a6 Nd7 29. Rb7 g5 30. Rhb3 Rhd8 31. Qa5 Qh5 32. Bxd5 cxd5 33. Rc7 Qd1+ 34. Kf2 Qxb3 35. Qc5 Kg6 36. Qc6 Qb2+ 37. Kf1 Nb6 38. Rb7 Qxd4 39. Qc7 Qc4+ 40. Qxc4 dxc4 41. Bc7 Rd1+ 42. Ke2 Rb1 43. Bd6 c3 0-1

[Event "November 21 Early 2023"]
[Site "https://www.chess.com"]
[Date "2023.11.21"]
[Round "3"]
[White "Castillo Pena, Patricia Evarista"]
[Black "Matthes, Aaron"]
[Result "1-0"]
[Board "237"]
[TimeControl "180+1"]
[WhiteFideId "6412106"]
[BlackFideId "16227310"]
[WhiteElo "1861"]
[BlackElo "2355"]
[WhiteTeam "DOM"]
[BlackTeam "GER"]
[WhiteClock "0:00:13"]
[BlackClock "0:00:09"]

1. d4 g6 2. Nc3 Bg7 3. e4 c5 4. Nf3 cxd4 5. Nxd4 d6 6. Be3 Nf6 7. Qd2 Nc6 8. f3 O-O 9. h4 Qa5 10. O-O-O Nd7 11. Nxc6 bxc6 12. Kb1 Rb8 13. Bd4 Rxb2+ 14. Kxb2 Qb4+ 15. Kc1 Bxd4 16. Qxd4 Qa3+ 17. Kd2 Nc5 18. Bc4 e5 19. Qe3 Qb4 20. Bb3 Ba6 21. Ke1 Rd8 22. Kf2 Kg7 23. h5 d5 24. exd5 cxd5 25. Qxe5+ Kg8 26. h6 Ne6 27. Nxd5 Rc8 28. Nf6+ Kf8 29. Nxh7+ Kg8 30. Nf6+ Kf8 31. Nd7+ Ke7 32. Qf6+ Ke8 33. Qh8+ Ke7 34. Qf6+ Ke8 35. Rhe1 Rc6 36. Bxe6 Rxc2+ 37. Kg1 Rxg2+ 38. Kh1 Rh2+ 39. Kxh2 Qh4+ 40. Kg1 Qxf6 41. Nxf6+ Ke7 42. Ng8+ Kf8 43. Nf6 fxe6 44. Rxe6 Kf7 45. Rd7+ Kxe6 46. Rxa7 Kxf6 47. Rxa6+ Kg5 48. Ra4 Kxh6 49. Ra5 Kg7 50. Ra6 Kh6 51. Rxg6+ Kxg6 52. a4 Kf5 53. a5 Ke5 54. a6 Kd6 55. a7 Ke5 56. a8=Q Kf4 57. Qe4+ Kg3 58. Qg4# 1-0

[Event "November 21 Early 2023"]
[Site "https://www.chess.com"]
[Date "2023.11.21"]
[Round "3"]
[White "GMT4114"]
[Black "Dmitrenko, Viktor"]
[Result "0-1"]
[Board "238"]
[TimeControl "180+1"]
[BlackFideId "14110270"]
[WhiteElo "1964"]
[BlackElo "2292"]
[BlackTeam "UKR"]
[WhiteClock "0:00:08"]
[BlackClock "0:01:06"]

1. e4 e6 2. d4 d5 3. Nc3 Bb4 4. Ne2 dxe4 5. a3 Bxc3+ 6. Nxc3 Nc6 7. Nxe4 Qxd4 8. Qxd4 Nxd4 9. Bd3 b6 10. Be3 Nc6 11. O-O-O Bb7 12. Bb5 a6 13. Ba4 Ne7 14. Bf4 Nd5 15. Bg3 O-O-O 16. Rhe1 h6 17. f3 Na5 18. Nd2 Bc6 19. Bxc6 Nxc6 20. Nc4 Rd7 21. Nd2 Rhd8 22. Ne4 Nde7 23. c4 Nd4 24. c5 Nef5 25. cxb6 cxb6 26. Rd3 Ne2+ 27. Rxe2 Rxd3 28. Rc2+ Kd7 29. Bf2 Rc8 30. Bxb6 Rxc2+ 31. Kxc2 Rd5 32. Nc5+ Kc6 33. Ba7 Rxc5+ 34. Bxc5 Kxc5 35. b4+ Kb5 0-1

[Event "November 21 Early 2023"]
[Site "https://www.chess.com"]
[Date "2023.11.21"]
[Round "3"]
[White "Marin Pincheira, Carlos"]
[Black "Zepeda Berlanga, Jan Enrique"]
[Result "1-0"]
[Board "239"]
[TimeControl "180+1"]
[WhiteFideId "3407543"]
[BlackFideId "5132355"]
[WhiteElo "2080"]
[BlackElo "1680"]
[WhiteTeam "CHI"]
[BlackTeam "MEX"]
[WhiteClock "0:00:04"]
[BlackClock "0:00:00"]

1. e4 c5 2. Nf3 d6 3. Bb5+ Bd7 4. Bxd7+ Qxd7 5. O-O Nf6 6. d4 cxd4 7. Nxd4 Nc6 8. c4 e6 9. Nc3 Be7 10. Be3 Rc8 11. b3 O-O 12. Rc1 a6 13. f3 Bd8 14. Qd2 Bb6 15. Rfd1 Nxd4 16. Bxd4 Bxd4+ 17. Qxd4 Rfd8 18. Na4 Qc6 19. Nb6 Rc7 20. b4 h5 21. h4 Nd7 22. Qxd6 Re8 23. Qxc6 Rxc6 24. Nxd7 f6 25. c5 Kf7 26. Nb6 Rc7 27. Nc4 Ree7 28. Nd6+ Kg6 29. a4 f5 30. e5 Red7 31. f4 a5 32. b5 Rd8 33. c6 bxc6 34. b6 Rcd7 35. Rxc6 Kh7 36. Rc7 Rxc7 37. bxc7 Rd7 38. c8=Q Ra7 39. Qxe6 1-0

[Event "November 21 Early 2023"]
[Site "https://www.chess.com"]
[Date "2023.11.21"]
[Round "3"]
[White "IsaqueGoncalvesSanto"]
[Black "Zivic, Dragan"]
[Result "1/2-1/2"]
[Board "240"]
[TimeControl "180+1"]
[BlackFideId "904740"]
[WhiteElo "1909"]
[BlackElo "2073"]
[BlackTeam "SRB"]
[WhiteClock "0:01:06"]
[BlackClock "0:01:55"]

1. d4 Nf6 2. c4 e6 3. Nc3 Bb4 4. e3 b6 5. Bd3 Bb7 6. f3 d5 7. Ne2 O-O 8. a3 Be7 9. b4 c5 10. cxd5 cxd4 11. Nxd4 Nxd5 12. Nxd5 Bxd5 13. O-O Nc6 14. Bb2 Nxd4 15. Bxd4 Bf6 16. Bxf6 Qxf6 17. e4 Bb7 18. Qe2 Rfd8 19. Rfd1 g6 20. Ba6 Bxa6 21. Qxa6 Rxd1+ 22. Rxd1 Rd8 23. Rxd8+ Qxd8 24. Qxa7 Qd4+ 25. Kf1 Qd3+ 26. Kf2 Qd4+ 27. Kg3 Qe5+ 28. Kf2 Qd4+ 29. Kg3 Qe5+ 30. Kf2 Qd4+ 1/2-1/2

[Event "November 21 Early 2023"]
[Site "https://www.chess.com"]
[Date "2023.11.21"]
[Round "3"]
[White "Saim, Mohamed Ilias"]
[Black "Shapiro, Daniel"]
[Result "0-1"]
[Board "241"]
[TimeControl "180+1"]
[WhiteFideId "7900465"]
[BlackFideId "2001780"]
[WhiteElo "2063"]
[BlackElo "2327"]
[WhiteTeam "ALG"]
[BlackTeam "USA"]
[WhiteClock "0:01:43"]
[BlackClock "0:01:34"]

1. a3 g6 2. Nf3 Bg7 3. d4 d6 4. c4 f5 5. e3 Nf6 6. Be2 O-O 7. Nc3 Nc6 8. b4 e5 9. b5 Ne7 10. a4 e4 11. Nd2 c6 12. Qb3 Be6 13. Ba3 Rf7 14. a5 a6 15. bxc6 bxc6 16. Qb4 c5 17. dxc5 dxc5 18. Qxc5 Nd7 19. Qd6 Bxc3 20. O-O Nf8 21. Rac1 Qxd6 22. Bxd6 Bxd2 0-1

[Event "November 21 Early 2023"]
[Site "https://www.chess.com"]
[Date "2023.11.21"]
[Round "3"]
[White "Maect19"]
[Black "Gyulamiryan-koryun"]
[Result "1-0"]
[Board "242"]
[TimeControl "180+1"]
[WhiteElo "2326"]
[BlackElo "1901"]
[WhiteClock "0:01:02"]
[BlackClock "0:00:00"]

1. d4 Nf6 2. Nf3 d5 3. e3 e6 4. Bd3 c5 5. O-O c4 6. Be2 Nc6 7. b3 b5 8. a4 bxa4 9. bxc4 Bd7 10. c5 e5 11. dxe5 Ne4 12. Qxd5 Nxc5 13. Ba3 Qb6 14. Nc3 Be6 15. Bxc5 Bxc5 16. Qe4 a3 17. Na4 Qc7 18. Nxc5 O-O 19. Ng5 g6 20. Ncxe6 fxe6 21. Nxe6 Qb6 22. Nxf8 Rxf8 23. Bc4+ Kh8 24. Rxa3 Qc5 25. Rd3 Nxe5 26. Rd5 Qxc4 27. Qxe5+ Kg8 28. Rd7 1-0

[Event "November 21 Early 2023"]
[Site "https://www.chess.com"]
[Date "2023.11.21"]
[Round "3"]
[White "bn1462"]
[Black "Viskelis, Darius"]
[Result "0-1"]
[Board "243"]
[TimeControl "180+1"]
[BlackFideId "12800830"]
[WhiteElo "1857"]
[BlackElo "1859"]
[BlackTeam "LTU"]
[WhiteClock "0:00:00"]
[BlackClock "0:00:40"]

1. d4 d5 2. c4 e6 3. Nf3 c5 4. cxd5 exd5 5. g3 Nc6 6. Bg2 Nf6 7. O-O Be6 8. a3 c4 9. Nc3 Be7 10. Ne5 O-O 11. Nxc6 bxc6 12. Re1 a5 13. e4 dxe4 14. Nxe4 Nxe4 15. Bxe4 Bd5 16. Qf3 Bf6 17. Rd1 Re8 18. Bxd5 Qxd5 19. Qc3 Rab8 20. Be3 Rb3 21. Qc2 h5 22. Rac1 c3 23. bxc3 Rxa3 24. c4 Qf3 25. Rd2 h4 26. Qd1 Rexe3 27. fxe3 Qxe3+ 28. Kh1 hxg3 29. hxg3 Qxg3 30. Rg2 Qh3+ 31. Rh2 Qf5 32. Qh5 Qe4+ 33. Kg1 Qe3+ 0-1

[Event "November 21 Early 2023"]
[Site "https://www.chess.com"]
[Date "2023.11.21"]
[Round "4"]
[White "Gokerkan, Cem Kaan"]
[Black "Nakamura, Hikaru"]
[Result "0-1"]
[Board "1"]
[TimeControl "180+1"]
[WhiteFideId "6336760"]
[BlackFideId "2016192"]
[WhiteElo "2365"]
[BlackElo "2874"]
[WhiteTeam "TUR"]
[BlackTeam "USA"]
[WhiteClock "0:00:16"]
[BlackClock "0:01:18"]

1. e4 a5 2. d4 c6 3. Nf3 d5 4. Nc3 dxe4 5. Nxe4 Nf6 6. Nxf6+ exf6 7. Bd3 Bd6 8. Be3 O-O 9. Qd2 a4 10. a3 b5 11. h3 Be6 12. Nh4 Re8 13. g4 Nd7 14. Nf5 Bf8 15. h4 Nb6 16. O-O-O Qd5 17. Qc3 Qa2 18. Qxc6 Nc4 19. Bxc4 Bxc4 20. g5 Rac8 21. Qg2 Bd5 22. f3 Qa1+ 23. Kd2 Qxb2 24. Rc1 Qc3+ 25. Kd1 Rxe3 0-1

[Event "November 21 Early 2023"]
[Site "https://www.chess.com"]
[Date "2023.11.21"]
[Round "4"]
[White "Licznerski, Lukasz"]
[Black "Carlsen, Magnus"]
[Result "0-1"]
[Board "2"]
[TimeControl "180+1"]
[WhiteFideId "1179250"]
[BlackFideId "1503014"]
[WhiteElo "2436"]
[BlackElo "2887"]
[WhiteTeam "POL"]
[BlackTeam "NOR"]
[WhiteClock "0:00:01"]
[BlackClock "0:02:28"]

1. e4 d6 2. d4 g6 3. Nc3 c6 4. Nf3 Nf6 5. h3 Bg7 6. Bd3 O-O 7. O-O Nbd7 8. e5 dxe5 9. dxe5 Nd5 10. Nxd5 cxd5 11. Re1 Nc5 12. Bf1 Bf5 13. c3 Be4 14. Nd4 Rc8 15. f3 Bf5 16. Nxf5 gxf5 17. Be3 e6 18. Qd2 Nd7 19. Bd4 Nb8 20. g4 Nc6 21. gxf5 Nxd4 22. cxd4 Qh4 23. f6 Bh6 24. Qf2 Qf4 25. Bd3 Kh8 26. Kh1 Rg8 27. Rg1 Qe3 28. Qxe3 Bxe3 29. Rxg8+ Kxg8 30. Rd1 Bxd4 31. Bxh7+ Kxh7 32. Rxd4 Kg6 33. Rg4+ Kf5 34. Rg7 Rf8 35. Kg2 Kxe5 36. Kf2 Kxf6 37. Rg4 Rc8 38. Rb4 b6 39. Ke3 e5 40. a4 Rh8 41. h4 d4+ 42. Kd3 Rxh4 0-1